 Dungeon Crawl Stone Soup version 0.29-a0-219-g0a02b1cf4f (webtiles) character file.

Game seed: 18351246314627618778

177 Snarg the Poker (level 5, -1/41 HPs)
             Began as a Demigod Wanderer on Feb 26, 2022.
             Slain by Edmund
             ... wielding a +2 flail of holy wrath
              (8 damage)
             ... on level 4 of the Dungeon.
             The game lasted 00:11:01 (3152 turns).

Snarg the Poker (Demigod Wanderer)                  Turns: 3152, Time: 00:11:02

Health: -1/41      AC:  5    Str: 14    XL:     5   Next: 9%
Magic:  2/10       EV: 11    Int: 16    God:
Gold:   245        SH:  0    Dex: 14    Spells: 6/8 levels left

rFire   . . .      SeeInvis .   a - +2 spear
rCold   . . .      Faith    .   (no shield)
rNeg    . . .      Spirit   .   d - +0 leather armour
rPois   .          Reflect  .   (no helmet)
rElec   .          Harm     .   b - +0 cloak
rCorr   .          Rampage  .   l - +0 pair of gloves
Will    .....                   (no boots)
Stlth   ++........              (no amulet)
HPRegen 0.13/turn               (no ring)
MPRegen 0.12/turn               (no ring)

@: brilliant, very slightly contaminated
A: high MP 1, forlorn, divine attributes
a: no special abilities


You were on level 4 of the Dungeon.
You visited 1 branch of the dungeon, and saw 4 of its levels.

You collected 245 gold pieces.

Inventory:

Hand Weapons
 a - a +2 spear (weapon)
 h - a +2 dagger of venom
Missiles
 c - 115 stones
 m - 3 boomerangs
Armour
 b - a +0 cloak (worn)
 d - a +0 leather armour (worn)
 l - a +0 pair of gloves (worn)
 n - a +1 robe of willpower
Scrolls
 f - a scroll of silence
 g - a scroll of summoning {unknown}
 i - a scroll of enchant armour {unknown}
 k - a scroll of immolation {unknown}
 t - a scroll of magic mapping {unknown}
Potions
 j - a potion of lignification {unknown}
 p - a potion of flight
 q - a potion of curing
 s - a potion of brilliance


   Skills:
 * Level 1.8 Fighting
 + Level 3.8 Polearms
 - Level 0.3 Throwing
 + Level 1.5 Armour
 - Level 1.0 Dodging
 - Level 3.0 Stealth
 - Level 2.0 Spellcasting
 * Level 0.1 Conjurations
 - Level 2.0 Earth Magic


You had 6 spell levels left.
You knew the following spells:

 Your Spells              Type           Power      Damage    Failure   Level
a - Sandblast             Erth           24%        2d8       11%         1
b - Magic Dart            Conj           12%        1d3       24%         1

Your spell library contained the following spells:

 Spells                   Type           Power      Damage    Failure   Level
 Summon Small Mammal      Summ           8%         N/A       26%         1
 Call Imp                 Summ           2%         N/A       36%         2
 Stone Arrow              Conj/Erth      14%        3d7       43%         3
 Call Canine Familiar     Summ           2%         N/A       58%         3
 Mephitic Cloud           Conj/Pois/Air  2%         N/A       58%         3
 Ozocubu's Armour         Ice            2%         N/A       58%         3
 Summon Guardian Golem    Hex/Summ       2%         N/A       58%         3
 Ozocubu's Refrigeration  Ice            1%         4d5       100%        7


Dungeon Overview and Level Annotations

Branches:
Dungeon (4/15)
 Temple: D:4-7

Annotations:
D:1 clr
D:2 clr
D:3 clr
D:4 Edmund, Eustachio, Grinder


Innate Abilities, Weirdness & Mutations

You have an increased reservoir of magic. (+10% MP)
You shall have no god before yourself.
Your divine heritage dramatically boosts your attributes as you level up.


Message History

Edmund closely misses you.
You feel much better. Edmund misses you.
You hit Edmund.
Edmund is severely wounded.
You hit Edmund.
Edmund is severely wounded.
Edmund misses you.
You hit Edmund but do no damage.
Edmund is severely wounded.
Edmund hits you with a +2 flail of holy wrath!
You aren't carrying any items that you can evoke.
Okay, then.
Unknown command.
Okay, then.
Unknown command.
Unknown command.
Casting: Sandblast (safe; 11% risk of failure)
Confirm with . or Enter, or press ? or * to list all spells.
Aiming: Sandblast (safe; 11% risk of failure)
Press: ? - help, Shift-Dir - straight line, f/p - goblin
Aim: a goblin, wielding a +0 dagger (74% to hit)
You feel a surge of power!
You miscast Sandblast.
You are very lightly contaminated with residual magic.
Nothing appears to happen.
Edmund misses you.
Unknown command.
You completely miss Edmund. You punch Edmund.
Edmund is almost dead.
Edmund hits you with a +2 flail of holy wrath.
* * * LOW HITPOINT WARNING * * *
You barely miss Edmund.
Edmund is almost dead.
Edmund completely misses you.
You hit Edmund.
Edmund is almost dead.
Edmund hits you with a +2 flail of holy wrath.
* * * LOW HITPOINT WARNING * * *
You hit Edmund.
Edmund is almost dead.
Edmund hits you with a +2 flail of holy wrath!
You die...

#......###....##....#...##.<.#
#......+.#..............##....
#####...##.#....#.........#####.
#...#+#.##......#...#..#.## ##
......#####....###..#....#
....... #.#+##.###.##...##
.......##...###.##..##..##
.......'......#.....#....#
......##......#@###.##...##
@.... #.....).#@##..#.....#
###+####.......'g.#....##..#
.......#.......#.......#...#
.......##......#......###>##
........'......###....###.#
........##...###g...#..####
.........#.#'#.@....#.##
.......#####g..........#


You could see Edmund and a goblin.

Vanquished Creatures
  A scorpion (D:4)
  Jessica (D:2)
  2 adders
  A worm (D:1)
  2 dart slugs
  3 orcs (D:4)
  9 bats
  6 endoplasms
  A giant cockroach (D:1)
  6 goblins
  5 hobgoblins
  A quokka (D:1)
  11 ball pythons
  A frilled lizard (D:3)
  10 kobolds
  5 rats
65 creatures vanquished.

Vanquished Creatures (others)
  4 toadstools (D:1)
4 creatures vanquished.

Grand Total: 69 creatures vanquished

Notes
Turn   | Place    | Note
-------+----------+-------------------------------------------
     0 | D:1      | Snarg the Demigod Wanderer began the quest for the Orb.
     0 | D:1      | Snarg set off with the following items: a +2 spear, a +0
                  | cloak, 24 stones, a +0 leather armour; and the following
                  | spell memorised: Sandblast; and the following spells
                  | available to memorise: Stone Arrow
     0 | D:1      | Reached XP level 1. HP: 14/14 MP: 4/4
    75 | D:1      | Reached XP level 2. HP: 15/22 MP: 1/6
  1081 | D:1      | Reached XP level 3. HP: 27/27 MP: 5/7
  1150 | D:2      | Reached skill level 1 in Fighting
  1707 | D:2      | Noticed Jessica
  1718 | D:2      | Killed Jessica
  2000 | D:3      | Reached XP level 4. HP: 35/35 MP: 9/9
  2685 | D:4      | Reached skill level 1 in Dodging
  2685 | D:4      | Reached XP level 5. HP: 20/41 MP: 10/10
  2956 | D:4      | Noticed Grinder
  3011 | D:4      | Learned a level 1 spell: Magic Dart
  3016 | D:4      | Noticed Eustachio
  3081 | D:4      | Noticed Edmund
  3152 | D:4      | Slain by Edmund

Illustrated notes

Levels and vault maps discovered:
D:1:      ldierk_walled_garden_2, layout_rooms, minmay_fountain_box
D:2:      minmay_chambers_of_twos, layout_basic, basic_ecumenical_altar,
          uniq_jessica
D:3:      layout_rooms, marbit_many_paths, serial_corexii_hall,
          chequers_hall_statues_corner_a, chequers_hall_statues_corner_a
D:4:      nicolae_cairo_tiling_very_big, layout_cave_pools,
          uniq_crazy_yiuf_cottage, uniq_eustachio, uniq_edmund, uniq_grinder

Skill      XL: |  1  2  3  4 |
---------------+-------------+-----
Stealth        | 3 |  3.0
Polearms       | 3 |  3.8
Fighting       | 1 |  1.8
Earth Magic    | 2 |  2.0
Dodging        | 1 |  1.0
Spellcasting   | 2 |  2.0
Throwing       | |  0.3
Armour         | |  1.5
Conjurations   | |  0.1

Action                   |  1- 3 |  4- 6 || total
-------------------------+-------+-------++-------
Melee: Spear             |    99 |    91 ||   190
       Punch             |       |     2 ||     2
Throw: Boomerang         |     2 |     2 ||     4
       Stone             |     2 |       ||     2
 Cast: Sandblast         |    15 |    15 ||    30
  Use: Scroll            |       |     6 ||     6
       Potion            |       |     2 ||     2
 Stab: Sleeping          |     8 |     5 ||    13
Armor: Leather armour    |    30 |    20 ||    50
Dodge: Dodged            |    29 |    42 ||    71

Table legend: (Time is in decaauts)
 A = Elapsed time spent in this place.
 B = Non-inter-level travel time spent in this place.
 C = Inter-level travel time spent in this place.
 D = Time resting spent in this place.
 E = Time spent auto-exploring this place.
 F = Levels seen in this place.
 G = Mean time per level.
                   A        B        C        D        E       F      G
               +--------+--------+--------+--------+--------+-----+--------+
         Total |   3142 |   3001 |    141 |    578 |   1750 |   4 |  785.5 |
       Dungeon |   3142 |   3001 |    141 |    578 |   1750 |   4 |  785.5 |
               +--------+--------+--------+--------+--------+-----+--------+

Top non-repeatable levels by time:
     D:1: 1099 daAuts
     D:2: 889 daAuts
     D:4: 640 daAuts
     D:3: 512 daAuts
